 Dungeon Crawl Stone Soup version 0.29.0-13-gc9e81de378 (webtiles) character file.

Game seed: 10675398916252150881

4519 Bartlander the Blocker (level 10, -2/82 HPs)
             Began as a Gnoll Fighter on Sept 7, 2022.
             Was a Believer of Ashenzari.
             Slain by an orc warrior
             ... wielding a +0 halberd
              (14 damage)
             ... on level 9 of the Dungeon.
             The game lasted 00:33:51 (9296 turns).

Bartlander the Blocker (Gnoll Fighter)              Turns: 9296, Time: 00:33:52

Health: -2/82      AC: 11    Str: 23    XL:     10   Next: 39%
Magic:  18/18      EV: 11    Int: 10    God:    Ashenzari [**....]
Gold:   552        SH: 11    Dex: 12    Spells: 19/19 levels left

rFire   + . .      SeeInvis +   w - +0 war axe
rCold   . . .      Faith    .   l - +0 kite shield "Sidereal Polytheism" {Fort, Bglg} (curse)
rNeg    . . .      Spirit   .   b - +0 scale mail
rPois   .          Reflect  .   (no helmet)
rElec   .          Harm     .   (no cloak)
rCorr   .          Rampage  .   y - +0 pair of gloves of Ashenzari's Gloom {Elem, Fort} (curse)
Will    .....                   x - +0 pair of boots "Elysian Entitlement" {Range, Alch} (curse)
Stlth   ++........              m - amulet "Ennui of the Soothsayer" {Regen+, Elem, Range} (curse)
HPRegen 1.03/turn               e - ring of protection from fire
MPRegen 0.16/turn               B - +6 ring of strength

@: no status effects
A: fangs 1, strong nose, distributed training
a: Renounce Religion, Curse Item, Shatter the Chains


You were on level 9 of the Dungeon.
You worshipped Ashenzari.
Ashenzari was pleased with you.
You visited 2 branches of the dungeon, and saw 10 of its levels.
You also visited: Bailey.

You collected 552 gold pieces.

Inventory:

Hand Weapons
 a - a +0 flail of chaos
 w - a +0 war axe (weapon)
Missiles
 c - 17 poisoned darts (quivered)
Armour
 b - a +0 scale mail (worn)
 l - the cursed +0 kite shield "Sidereal Polytheism" (worn) {Fort, Bglg}
   (You found it on level 4 of the Dungeon)

   It has a curse which improves the following skills: Fortitude: Armour and
   Shields.
   Beguiling: Conjurations, Hexes and Translocations.
 x - the cursed +0 pair of boots "Elysian Entitlement" (worn) {Range, Alch}
   (You found it on level 6 of the Dungeon)

   It has a curse which improves the following skills: Ranged Combat: Ranged
   Weapons and Throwing.
   Alchemy:   Poison Magic and Transmutations.
 y - the cursed +0 pair of gloves of Ashenzari's Gloom (worn) {Elem, Fort}
   (You found it on level 6 of the Dungeon)

   It has a curse which improves the following skills: Elements: Fire Magic, Ice
   Magic, Air Magic and Earth Magic.
   Fortitude: Armour and Shields.
Jewellery
 e - a ring of protection from fire (left hand)
 m - the cursed amulet "Ennui of the Soothsayer" (around neck) {Regen+, Elem, Range}
   (You acquired it on level 4 of the Dungeon)

   [amulet of regeneration]

   Regen:     It increases your rate of health regeneration.
   It has a curse which improves the following skills: Elements: Fire Magic, Ice
   Magic, Air Magic and Earth Magic.
   Ranged Combat: Ranged Weapons and Throwing.
 p - a +4 ring of protection
 u - an amulet of the acrobat
 z - a ring of wizardry
 B - a +6 ring of strength (right hand)
 C - an amulet of reflection
 D - a ring of ice
Wands
 s - a wand of quicksilver (2)
 t - a wand of charming (13)
 v - a wand of roots (9)
Scrolls
 n - 2 scrolls of teleportation
 o - 3 scrolls of amnesia
Potions
 d - 2 potions of might
 f - 2 potions of haste
 g - 4 potions of lignification
 h - a potion of curing
 i - 2 potions of cancellation
 j - a potion of flight
 k - a potion of invisibility
 q - a potion of attraction


   Skills:
 + Level 8.6 Fighting
 + Level 5.4 Short Blades
 + Level 5.4 Long Blades
 + Level 5.4 Axes
 + Level 7.2 Maces & Flails
 + Level 5.4 Polearms
 + Level 5.4 Staves
 + Level 5.4(7.3) Ranged Weapons
 + Level 5.4(7.3) Throwing
 + Level 8.6(10.5) Armour
 + Level 5.4 Dodging
 + Level 5.4 Stealth
 + Level 8.6(10.5) Shields
 + Level 5.4 Unarmed Combat
 + Level 5.4 Spellcasting
 + Level 4.5(5.7) Conjurations
 + Level 4.5(5.7) Hexes
 + Level 4.5 Summonings
 + Level 4.5 Necromancy
 + Level 4.5(5.7) Translocations
 + Level 4.5(5.7) Transmutations
 + Level 4.5(6.3) Fire Magic
 + Level 4.5(6.3) Ice Magic
 + Level 4.5(6.3) Air Magic
 + Level 4.5(6.3) Earth Magic
 + Level 4.5(5.7) Poison Magic
 + Level 6.0 Invocations
 + Level 5.4 Evocations


You had 19 spell levels left.
You didn't know any spells.
Your spell library contained the following spells:

 Spells                   Type           Power      Damage    Failure   Level
 Ozocubu's Armour         Ice            15%        N/A       22%         3
 Alistair's Intoxication  Tmut/Pois      9%         N/A       95%         5
 Borgnjor's Vile Clutch   Necr/Erth      6%         N/A       97%         5
 Conjure Ball Lightning   Conj/Air       7%         3x3d6     100%        6
 Eringya's Noxious Bog    Tmut/Pois      7%         N/A       100%        6
 Ozocubu's Refrigeration  Ice            7%         4d9       100%        7
 Discord                  Hex            7%         N/A       100%        8
 Disjunction              Tloc           7%         N/A       100%        8


Dungeon Overview and Level Annotations

Branches:
Dungeon (9/15)             Temple (1/1) D:5          Bailey (visited)
   Lair: D:8-11         Orc: D:9-12

Altars:
Ashenzari
Cheibriados
Dithmenos
Elyvilon
Fedhas
Gozag
Hepliaklqana
Kikubaaqudgha
Makhleb
Nemelex Xobeh
Okawaru
Qazlal
Ru
Sif Muna
Trog
Uskayaw
Vehumet
Xom
Yredelemnul
Zin
The Shining One

Annotations:
D:4 1 runed translucent door, Artool's ghost, amateur DsGl
D:7 3 runed translucent doors, Drevant2's ghost, novice MfGl; RichitheSlayer's ghost, novice DsMo; kalagan's ghost, novice DECj


Innate Abilities, Weirdness & Mutations

You have very sharp teeth.
Your uncanny sense of smell can sniff out nearby items.
Your experience applies equally to all skills.


Message History

The orc priest closely misses you. You block the orc wizard's attack.
The orc warrior closely misses you.
You completely miss the orc wizard.
The orc wizard is heavily wounded.
You hit the orc warrior. You barely miss the orc priest.
The orc priest hits you but does no damage.
The orc wizard misses you.
The orc warrior hits you but does no damage.
You hit the orc wizard but do no damage.
The orc wizard is heavily wounded.
You closely miss the orc priest. You completely miss the orc warrior.
The orc priest invokes the aid of Beogh against you.
Pain shoots through your body! You block the orc wizard's attack.
The orc warrior closely misses you. The orc priest misses you.
You block the orc warrior's attack. The orc wizard barely misses you.
You miss the orc wizard.
The orc wizard is heavily wounded.
You closely miss the orc warrior. You closely miss the orc priest.
The orc priest hits you but does no damage.
You block the orc wizard's attack. You block the orc warrior's attack.
You closely miss the orc wizard.
The orc wizard is heavily wounded.
You hit the orc warrior. You slash the orc priest!
You kill the orc priest!
The orc wizard points at you and mumbles some strange words.
You easily resist.
The orc warrior hits you with a +0 halberd!
You barely miss the orc wizard.
The orc wizard is heavily wounded.
You barely miss the orc warrior. You barely miss the orc wizard.
You block the orc wizard's attack. x2
The orc warrior hits you with a +0 halberd!
* * * LOW HITPOINT WARNING * * *
The orc wizard hits you but does no damage.
The orc warrior hits you with a +0 halberd!
* * * LOW HITPOINT WARNING * * *
You block the orc wizard's attack.
You feel better. You block the orc wizard's attack. x2
The orc warrior hits you with a +0 halberd!
You die...

.......Y,,,∆
.. , , .#
......##*
####, . ..#
, ..###...
...#.*.#..#
* ..#* ###
*##...*....∆
...#
**#....##..#
.... , ,
,.o.>...# *
,, .....####
, , *
#oo....## ,
##@o.....#
#.........#
#.........#
*
#..........
,,
#..........
* ,
#..........,
*
##.......#.
........., *
......... *


You could see an orc warrior and 2 orc wizards.

Vanquished Creatures
  A boulder beetle (D:7)
  Maggie (D:7)
  A tengu conjurer (D:8)
  A shadow (D:9)
  A steam dragon (D:8)
  2 water moccasins
  An orc warrior (Bailey)
  2 sky beasts (D:7)
  2 ice beasts (D:7)
  2 black bears (D:7)
  2 centaurs
  2 ogres
  2 phantoms
  3 bullfrogs
  2 kobold brigands
  2 gnoll sergeants
  A necrophage (D:3)
  4 scorpions
  2 jellies
  7 orc priests
  A hound (D:4)
  8 iguanas
  6 orc wizards
  13 gnolls
  6 adders
  A shadow imp (D:5)
  4 white imps
  2 ufetubi (D:5)
  6 worms
  A dart slug (D:4)
  41 orcs
  7 ball pythons
  5 bats
  10 endoplasms
  3 giant cockroaches
  9 goblins
  8 hobgoblins
  3 jackals
  19 kobolds
  4 quokkas
  A frilled lizard (D:2)
  10 rats
209 creatures vanquished.

Vanquished Creatures (collateral kills)
  An orc (Bailey)
  A jackal (D:5)
2 creatures vanquished.

Vanquished Creatures (others)
  An orc warrior (Bailey)
  2 withered plants (D:4)
3 creatures vanquished.

Grand Total: 214 creatures vanquished

Notes
Turn   | Place    | Note
-------+----------+-------------------------------------------
     0 | D:1      | Bartlander the Gnoll Fighter began the quest for the Orb.
     0 | D:1      | Reached XP level 1. HP: 23/23 MP: 1/1
   128 | D:1      | Reached XP level 2. HP: 29/29 MP: 2/2
   784 | D:1      | Reached XP level 3. HP: 35/35 MP: 3/3
   811 | D:1      | Reached skill level 1 in Invocations
  1528 | D:2      | Reached skill level 1 in Short Blades
  1528 | D:2      | Reached skill level 1 in Long Blades
  1528 | D:2      | Reached skill level 1 in Axes
  1528 | D:2      | Reached skill level 1 in Polearms
  1528 | D:2      | Reached skill level 1 in Staves
  1528 | D:2      | Reached skill level 1 in Ranged Weapons
  1528 | D:2      | Reached skill level 1 in Throwing
  1528 | D:2      | Reached skill level 1 in Dodging
  1528 | D:2      | Reached skill level 1 in Stealth
  1528 | D:2      | Reached skill level 1 in Unarmed Combat
  1528 | D:2      | Reached skill level 1 in Spellcasting
  1528 | D:2      | Reached skill level 1 in Evocations
  1678 | D:2      | Reached XP level 4. HP: 39/41 MP: 5/5
  1699 | D:2      | Found a faded altar of an unknown god.
  1877 | D:2      | Reached skill level 1 in Conjurations
  1877 | D:2      | Reached skill level 1 in Hexes
  1877 | D:2      | Reached skill level 1 in Summonings
  1877 | D:2      | Reached skill level 1 in Necromancy
  1877 | D:2      | Reached skill level 1 in Translocations
  1877 | D:2      | Reached skill level 1 in Transmutations
  1877 | D:2      | Reached skill level 1 in Fire Magic
  1877 | D:2      | Reached skill level 1 in Ice Magic
  1877 | D:2      | Reached skill level 1 in Air Magic
  1877 | D:2      | Reached skill level 1 in Earth Magic
  1877 | D:2      | Reached skill level 1 in Poison Magic
  2285 | D:3      | Reached XP level 5. HP: 7/47 MP: 5/7
  3093 | D:4      | Noticed an ogre
  3120 | D:3      | Reached XP level 6. HP: 29/53 MP: 8/8
  3330 | D:4      | Reached skill level 5 in Maces & Flails
  3721 | D:4      | Found a runed translucent door.
  3721 | D:4      | Noticed Artool's ghost (amateur DsGl)
  3748 | D:4      | Found a snail-covered altar of Cheibriados.
  3859 | D:4      | Reached XP level 7. HP: 45/60 MP: 10/10
  4488 | D:4      | Identified a scroll of acquirement
  4488 | D:4      | Acquired an amulet of regeneration
  4496 | D:5      | Entered Level 5 of the Dungeon
  4920 | D:5      | Reached XP level 8. HP: 67/67 MP: 12/12
  4961 | D:5      | Found a staircase to the Ecumenical Temple.
  4971 | Temple   | Entered the Ecumenical Temple
  5170 | Temple   | Became a worshipper of Ashenzari the Shackled
  6377 | D:6      | Reached * piety under Ashenzari
  6481 | D:6      | Found a basalt altar of Yredelemnul.
  6572 | D:7      | Found a runed translucent gate.
  6572 | D:7      | Found a runed translucent gate.
  6574 | D:7      | Found a runed translucent gate.
  6577 | D:7      | Noticed kalagan's ghost (novice DECj)
  6577 | D:7      | Noticed Drevant2's ghost (novice MfGl)
  6577 | D:7      | Noticed RichitheSlayer's ghost (novice DsMo)
  6804 | D:7      | Noticed Maggie
  6820 | D:7      | Killed Maggie
  6821 | D:7      | Reached XP level 9. HP: 70/74 MP: 13/15
  7181 | D:7      | Noticed a +0 dagger
  7181 | D:7      | Noticed a +0 falchion
  7182 | D:7      | Noticed a +0 short sword
  7183 | D:7      | Noticed a +0 short sword
  7184 | D:7      | Noticed a +0 dagger
  7184 | D:7      | Noticed a +0 falchion
  7185 | D:7      | Noticed a +0 spear
  7186 | D:7      | Noticed a +0 spear
  7320 | D:7      | Reached skill level 5 in Invocations
  7363 | D:7      | Noticed a moth of wrath
  7366 | D:7      | Found a bloodstained altar of Trog.
  7429 | D:7      | Found a hide-covered altar of Uskayaw.
  7551 | D:7      | Noticed a boulder beetle
  7573 | D:7      | Killed a boulder beetle
  7574 | D:7      | Reached skill level 5 in Short Blades
  7574 | D:7      | Reached skill level 5 in Long Blades
  7574 | D:7      | Reached skill level 5 in Axes
  7574 | D:7      | Reached skill level 5 in Polearms
  7574 | D:7      | Reached skill level 5 in Staves
  7574 | D:7      | Reached skill level 5 in Ranged Weapons
  7574 | D:7      | Reached skill level 5 in Throwing
  7574 | D:7      | Reached skill level 5 in Dodging
  7574 | D:7      | Reached skill level 5 in Stealth
  7574 | D:7      | Reached skill level 5 in Unarmed Combat
  7574 | D:7      | Reached skill level 5 in Spellcasting
  7574 | D:7      | Reached skill level 5 in Evocations
  7988 | D:7      | Reached ** piety under Ashenzari
  8026 | D:8      | Found a sacrificial altar of Ru.
  8108 | D:8      | Reached XP level 10. HP: 80/81 MP: 17/17
  8297 | D:8      | Found a shadowy altar of Dithmenos.
  8463 | D:8      | Noticed a six-headed hydra
  8676 | D:8      | Found a stormy altar of Qazlal.
  9051 | D:9      | Found a flagged portal.
  9068 | Bailey   | Entered a bailey
  9271 | D:9      | Noticed a two-headed ogre
  9295 | D:9      | HP: 2/82 [orc warrior/+0 halberd (17)]
  9296 | D:9      | Slain by an orc warrior

Illustrated notes

Levels and vault maps discovered:
D:1:      co_arrival_random_square_maze, layout_loops_ring, serial_rivers,
          chequers_serial_rivers_room_b, chequers_serial_rivers_room_a,
          chequers_serial_rivers_marsh, chequers_serial_rivers_large_b,
          hex_medium, chequers_big_river
D:2:      layout_basic, ebering_ecumenical_altar_webs,
          nicolae_elevator_lobby_asterisk
D:3:      layout_rooms
D:4:      layout_loops_ring, mainiacjoe_overflow_brackets,
          gammafunk_ghost_grave, chequers_serial_rivers_micro_d,
          minmay_increasing_density
D:5:      minmay_angry_zag, layout_basic, minmay_temple_entry_mist
D:6:      layout_basic, kennysheep_mini_moat, minmay_misc_feat_cross,
          st_stairs_9, lightli_orcish_oven
D:7:      layout_cave_pods, nicolae_uskayaw_en_pointe, tgw_trog,
          gammafunk_ghost_cemetery, serial_bayou_pond_a,
          minmay_tree_intersection, uniq_maggie
D:8:      kennysheep_big_flooded_room, layout_basic,
          nicolae_overflow_hidden_temple, kennysheep_mini, old_standard_altar,
          kennysheep_decorative_pillar
D:9:      layout_rooms, enter_bailey_5, minmay_ruffians
Temple:   eino_narrow_crystal_temple

Skill      XL: |  1  2  3  4  5  6  7  8  9 10 |
---------------+-------------------------------+-----
Invocations    | 1 2 3 4 5 6 |  6.0
Short Blades   | 1 2 3 4 5 |  5.4
Long Blades    | 1 2 3 4 5 |  5.4
Axes           | 1 2 3 4 5 |  5.4
Polearms       | 1 2 3 4 5 |  5.4
Staves         | 1 2 3 4 5 |  5.4
Ranged Weapons | 1 2 3 4 5 |  5.4
Throwing       | 1 2 3 4 5 |  5.4
Dodging        | 1 2 3 4 5 |  5.4
Stealth        | 1 2 3 4 5 |  5.4
Unarmed Combat | 1 2 3 4 5 |  5.4
Spellcasting   | 1 2 3 4 5 |  5.4
Evocations     | 1 2 3 4 5 |  5.4
Conjurations   | 1 2 3 4 |  4.5
Hexes          | 1 2 3 4 |  4.5
Summonings     | 1 2 3 4 |  4.5
Necromancy     | 1 2 3 4 |  4.5
Translocations | 1 2 3 4 |  4.5
Transmutations | 1 2 3 4 |  4.5
Fire Magic     | 1 2 3 4 |  4.5
Ice Magic      | 1 2 3 4 |  4.5
Air Magic      | 1 2 3 4 |  4.5
Earth Magic    | 1 2 3 4 |  4.5
Poison Magic   | 1 2 3 4 |  4.5
Maces & Flails | 5 6 7 |  7.2
Fighting       | 7 8 |  8.6
Armour         | 7 8 |  8.6
Shields        | 7 8 |  8.6

Action                   |  1- 3 |  4- 6 |  7- 9 | 10-12 || total
-------------------------+-------+-------+-------+-------++-------
Melee: Flail             |    93 |   177 |   174 |       ||   444
       Bite              |     7 |    15 |    40 |    17 ||    79
       War axe           |       |       |   231 |   141 ||   372
Throw: Dart              |       |     5 |    41 |     2 ||    48
       Throwing net      |       |     1 |       |       ||     1
Invok: Curse Item        |       |       |     4 |       ||     4
Evoke: Wand              |       |       |     1 |     2 ||     3
  Use: Scroll            |     1 |     5 |     6 |     2 ||    14
       Potion            |       |       |       |     6 ||     6
 Stab: Paralysed         |       |       |     1 |       ||     1
       Distracted        |       |       |       |     1 ||     1
Armor: Scale mail        |    43 |    83 |   228 |    57 ||   411
Dodge: Dodged            |    43 |    82 |   143 |    89 ||   357
Block: Buckler           |    38 |    54 |       |       ||    92
       Kite shield       |       |       |   221 |   149 ||   370
